 Dungeon Crawl Stone Soup version 0.26-a0-478-g6c97825307 (webtiles) character file.

Game seed: 9023604771904605037

1318 theY the Covert (level 8, -1/54 HPs)
             Began as an Octopode Brigand on Aug 1, 2020.
             Slain by a wight
             ... wielding a +5 flail of freezing
              (5 damage)
             ... on level 6 of the Dungeon.
             The game lasted 00:11:31 (4482 turns).

theY the Covert (Octopode Brigand)                  Turns: 4482, Time: 00:11:33

Health: -1/54      AC:  1    Str: 10    XL:     8   Next: 59%
Magic:  7/7        EV: 18    Int: 14    God:
Gold:   285        SH:  0    Dex: 15    Spells: 7/7 levels left

rFire    . . .     SeeInvis .   r - +2 dagger (venom)
rCold    . . .     Faith    .   (no shield)
rNeg     . . .     Spirit   .   (helmet restricted)
rPois    .         Reflect  .   (no amulet)
rElec    .         Harm     .   h - +4 ring of evasion
rCorr    .                      v - ring of protection from magic
MR       +....                  (no ring)
Stlth    +++++.....             (no ring)
HPRegen  0.58/turn              (no ring)
MPRegen  0.10/turn              (no ring)
                                (no ring)
                                (no ring)

@: drained
A: almost no armour, stealthy swim, amphibious, 8 rings, constrict 8, camouflage
1, low mp 1, regeneration 1, gelatinous body 1
a: no special abilities


You were on level 6 of the Dungeon.
You visited 1 branch of the dungeon, and saw 6 of its levels.

You collected 285 gold pieces.

Inventory:

Hand Weapons
 a - a +2 dagger
 r - a +2 dagger of venom (weapon)
 y - a +0 short sword of holy wrath
Missiles
 b - 4 poisoned darts (quivered)
 l - 67 sling bullets
Jewellery
 h - a +4 ring of evasion (left tentacle)
 o - an uncursed ring of magical power
 v - a ring of protection from magic (right tentacle)
 B - a +4 ring of protection {unknown}
Wands
 t - a wand of enslavement (16)
 D - a wand of random effects (13)
Scrolls
 c - a scroll of enchant armour {unknown}
 f - 4 scrolls of teleportation {unknown}
 i - 6 scrolls of remove curse
 k - 2 scrolls of blinking {unknown}
 m - 4 scrolls of magic mapping {unknown}
 p - 2 scrolls of amnesia
 u - a scroll of immolation {unknown}
 A - a scroll of fog {unknown}
 E - a scroll of identify
 F - a scroll of enchant weapon {unknown}
Potions
 d - 5 potions of flight
 e - a potion of heal wounds {unknown}
 g - a potion of degeneration {unknown}
 j - 5 potions of stabbing
 n - a potion of mutation
 q - a potion of ambrosia {unknown}
 s - a potion of berserk rage {unknown}
 w - a potion of invisibility {unknown}
 x - a potion of cancellation {unknown}
 z - 3 potions of haste
 C - a potion of might {unknown}


   Skills:
 + Level 4.2(3.2) Fighting
 + Level 5.2(4.2) Short Blades
 + Level 3.6(2.6) Throwing
 + Level 3.7(2.7) Dodging
 + Level 10.4(9.3) Stealth


You had 7 spell levels left.
You didn't know any spells.
Your spell library was empty.

Dungeon Overview and Level Annotations

Branches:
Dungeon (6/15)
 Temple: D:4-7

Altars:
Ru
Trog


Innate Abilities, Weirdness & Mutations

You cannot wear most types of armour.
You are very stealthy in the water. (Stealth+)
You are amphibious.
You can wear up to eight rings at the same time.
You can use your tentacles to constrict eight enemies at once.
Your skin changes colour to match your surroundings (Stealth+).
Your rubbery body absorbs attacks. (AC +1, EV +1)
Your magical capacity is low. (-10% MP)
Your natural rate of healing is unusually fast.


Message History

You barely miss the wight. You grab the wight.
You constrict the wight, but do no damage.
The wight misses you.
You hit the wight.
The wight is lightly damaged.
You constrict the wight, but do no damage.
The wight hits you with a +5 flail of freezing!
The wight freezes you.
* * * LOW HITPOINT WARNING * * *
You hit the wight. You squeeze the wight.
The wight is severely damaged.
You constrict the wight, but do no damage.
You hit the wight but do no damage.
You squeeze the wight, but do no damage.
The wight is severely damaged.
You constrict the wight, but do no damage.
The wight hits you with a +5 flail of freezing!
* * * LOW HITPOINT WARNING * * *
You feel drained.
You die...

#...# #...# ( #.... .
##...## ... ≈≈≈≈≈ .
... #...# .. ... #...#
..# ... #z# ...# ...
#@##>.#.# # #.......#
##.# ####........#
##...
##......#.....####..##
#..##...# #......#.#..
#.......###...........
##........#........#.#
#....#._..........#.#
##.###...##......)..#


You could see a wight.

Vanquished Creatures
  Prince Ribbit (D:6)
  A sky beast (D:6)
  An ogre (D:6)
  A phantom (D:5)
  A centaur (D:5)
  Blork the orc (D:6)
  A water moccasin zombie (D:5)
  A scorpion (D:5)
  2 wights (D:6)
  A howler monkey (D:4)
  An orc priest (D:6)
  Jessica (D:3)
  5 worker ants
  An orc wizard (D:4)
  A worker ant zombie (D:6)
  6 gnolls
  7 adders
  3 white imps
  3 ufetubi (D:6)
  2 oozes
  2 adder skeletons (D:4)
  A worm (D:2)
  A dart slug (D:2)
  4 leopard geckos
  17 orcs
  2 ball pythons (D:1)
  4 giant cockroaches
  7 hobgoblins
  10 jackals
  5 bats
  3 frilled lizards
  7 goblins
  6 kobolds
  9 rats
119 creatures vanquished.

Notes
Turn   | Place    | Note
-------+----------+-------------------------------------------
     0 | D:1      | theY the Octopode Brigand began the quest for the Orb.
     0 | D:1      | Reached XP level 1. HP: 14/14 MP: 1/1
   230 | D:1      | Reached XP level 2. HP: 19/19 MP: 2/2
   248 | D:1      | Reached skill level 6 in Stealth
   432 | D:1      | Reached XP level 3. HP: 24/24 MP: 3/3
   836 | D:2      | Reached skill level 7 in Stealth
   836 | D:2      | Reached XP level 4. HP: 30/30 MP: 4/4
  1502 | D:3      | Found a faded altar of an unknown god.
  1679 | D:3      | Noticed Jessica
  1682 | D:3      | Killed Jessica
  1682 | D:3      | Reached XP level 5. HP: 35/35 MP: 5/5
  2116 | D:4      | Reached XP level 6. HP: 12/41 MP: 6/6
  2579 | D:4      | Found a bloodstained altar of Trog.
  2580 | D:4      | Found a sacrificial altar of Ru.
  2674 | D:4      | Reached skill level 8 in Stealth
  3002 | D:5      | Entered Level 5 of the Dungeon
  3082 | D:5      | Reached XP level 7. HP: 10/46 MP: 7/7
  3710 | D:5      | Reached skill level 9 in Stealth
  3738 | D:5      | Gained mutation: Your magical capacity is low. (-10% MP)
                  | [potion of mutation]
  3738 | D:5      | Gained mutation: Your natural rate of healing is unusually
                  | fast. [potion of mutation]
  4141 | D:6      | Reached XP level 8. HP: 15/54 MP: 7/7
  4349 | D:6      | Noticed Prince Ribbit
  4352 | D:6      | Killed Prince Ribbit
  4352 | D:6      | Reached skill level 10 in Stealth
  4389 | D:6      | Noticed Blork the orc
  4390 | D:6      | Reached skill level 5 in Short Blades
  4398 | D:6      | Killed Blork the orc
  4429 | D:6      | Found a bloodstained altar of Trog.
  4482 | D:6      | Slain by a wight

Illustrated notes

Levels and vault maps discovered:
D:1:      dpeg_arrival_chambers_temple_mockup, layout_basic, minmay_pentomino_w4
D:2:      layout_basic
D:3:      layout_loops_cross, chequers_ecumenical_altar_simple_redux,
          uniq_jessica
D:4:      layout_basic, grunt_temple_overflow_open
D:5:      layout_basic, st_stairs_13
D:6:      layout_rooms, serial_rivers, chequers_serial_rivers_micro_e,
          chequers_serial_rivers_micro_a, chequers_serial_rivers_micro_c,
          chequers_serial_rivers_micro_a, chequers_serial_rivers_small_b,
          trog_three_pillars_becter, uniq_prince_ribbit1, uniq_blork_the_orc

Skill      XL: |  1  2  3  4  5  6  7  8 |
---------------+-------------------------+-----
Stealth        | 6 7 8 9 10 | 10.4
Short Blades   | 3 4 5 |  5.2
Dodging        | 2 3 |  3.7
Fighting       | 3 4 |  4.2
Throwing       | 3 |  3.6

Action                   |  1- 3 |  4- 6 |  7- 9 || total
-------------------------+-------+-------+-------++-------
Melee: Dagger            |    62 |   136 |    83 ||   281
       Constrict         |    18 |    36 |    16 ||    70
       Tentacles         |    11 |    28 |    24 ||    63
Throw: Dart              |     2 |    13 |     8 ||    23
  Use: Scroll            |     3 |     4 |     1 ||     8
       Potion            |       |     2 |     2 ||     4
 Stab: Sleeping          |    15 |    11 |     9 ||    35
       Distracted        |       |     1 |       ||     1
Armor: Skin              |     1 |     4 |       ||     5
Dodge: Dodged            |    46 |    90 |    36 ||   172

Table legend: (Time is in decaauts)
 A = Elapsed time spent in this place.
 B = Non-inter-level travel time spent in this place.
 C = Inter-level travel time spent in this place.
 D = Time resting spent in this place.
 E = Time spent auto-exploring this place.
 F = Levels seen in this place.
 G = Mean time per level.
                   A        B        C        D        E       F      G
               +--------+--------+--------+--------+--------+-----+--------+
         Total |   4411 |   4264 |    147 |    524 |   2978 |   6 |  735.2 |
       Dungeon |   4411 |   4264 |    147 |    524 |   2978 |   6 |  735.2 |
               +--------+--------+--------+--------+--------+-----+--------+

Top non-repeatable levels by time:
     D:5: 1035 daAuts
     D:4: 1005 daAuts
     D:2: 849 daAuts
     D:3: 598 daAuts
     D:1: 518 daAuts
     D:6: 404 daAuts
